 Dungeon Crawl Stone Soup version 0.28.0-47-ge53b351184 (webtiles) character file.

Game seed: 11639322860487195938

65 styxcanada the Sneak (level 3, -5/18 HPs)
             Began as a Spriggan Brigand on Apr 27, 2022.
             Slain by a gnoll
             ... wielding a +0 halberd
              (12 damage)
             ... on level 2 of the Dungeon.
             The game lasted 00:06:16 (1351 turns).

styxcanada the Sneak (Spriggan Brigand)             Turns: 1351, Time: 00:06:16

Health: -5/18      AC:  3    Str:  7    XL:     3   Next: 92%
Magic:  4/4        EV: 17    Int: 12    God:
Gold:   16         SH:  0    Dex: 18    Spells: 2/2 levels left

rFire   . . .      SeeInvis +   a - +2 dagger
rCold   . . .      Faith    .   (no shield)
rNeg    . . .      Spirit   .   b - +0 robe
rPois   .          Reflect  .   (helmet restricted)
rElec   .          Harm     .   c - +0 cloak
rCorr   .          Rampage  .   (gloves unavailable)
Will    .....                   (boots unavailable)
Stlth   ++++......              (no amulet)
HPRegen 0.06/turn               (no ring)
MPRegen 0.09/turn               (no ring)

@: very quick
A: very small, no large weapons, unfitting armour, see invisible, speed 3
a: no special abilities


You were on level 2 of the Dungeon.
You visited 1 branch of the dungeon, and saw 2 of its levels.

You collected 16 gold pieces.

Inventory:

Hand Weapons
 a - a +2 dagger (weapon)
Missiles
 f - 21 sling bullets
 h - 38 stones (quivered)
Armour
 b - a +0 robe (worn)
 c - a +0 cloak (worn)
Jewellery
 k - an amulet of magic regeneration
Scrolls
 g - a scroll of immolation {unknown}
 i - a scroll of teleportation {unknown}
Potions
 j - a potion of curing {unknown}


   Skills:
 * Level 1.8 Fighting
 + Level 2.5 Short Blades
 + Level 2.1 Throwing
 * Level 2.1 Dodging
 * Level 7.5 Stealth


You had 2 spell levels left.
You didn't know any spells.
Your spell library was empty.

Dungeon Overview and Level Annotations

Branches:
Dungeon (2/15)

Altars:
Kikubaaqudgha


Innate Abilities, Weirdness & Mutations

You are very small and have problems with some larger weapons.
You are too small for most types of armour.
You have supernaturally acute eyesight. (SInv)
You cover ground extremely quickly. (Speed+++)


Message History

Throw: dart (poison)
Press: ? - help, Q - select action, (/) - cycle Shift-Dir - straight line, f/p - gnoll
Aim: a gnoll, wielding a +0 club (moderately wounded, poisoned, 65% to hit)
You throw a poisoned dart.
The poisoned dart closely misses the gnoll.
The poisoned dart barely misses the gnoll.
The gnoll looks more healthy.
Throw: 2 darts (curare)
Press: ? - help, Q - select action, (/) - cycle Shift-Dir - straight line, f/p - gnoll
Aim: a gnoll, wielding a +0 club (heavily wounded, 65% to hit)
You throw a curare-tipped dart. The curare-tipped dart hits the gnoll.
The gnoll is poisoned.
The gnoll convulses.
The gnoll seems to slow down.
The gnoll is almost dead.
You feel a bit more experienced.
You kill the gnoll!
Your Dodging skill increases to level 2!
Throw: dart (curare)
Press: ? - help, Q - select action, (/) - cycle Shift-Dir - straight line, f - gnoll
Aim: a gnoll, wielding a +0 halberd (65% to hit)
You throw a curare-tipped dart.
The curare-tipped dart closely misses the gnoll.
Throw: 39 stones
Press: ? - help, Q - select action Shift-Dir - straight line, f/p - gnoll
Aim: a gnoll, wielding a +0 halberd (65% to hit)
You throw a stone. The stone barely misses the gnoll.
The gnoll barely misses you.
You hit the gnoll but do no damage. The gnoll barely misses you.
You completely miss the gnoll. You hit the gnoll.
The gnoll is lightly wounded.
The gnoll hits you with a +0 halberd.
You barely miss the gnoll.
The gnoll is lightly wounded.
The gnoll closely misses you.
You hit the gnoll.
The gnoll is moderately wounded.
The gnoll hits you with a +0 halberd!
Ouch! That really hurt!
You die...

################
#..(.(.)..g@...#
#.###.########.#
#..g..... #
#.#..#### #g#...#
#.#...######
#g#........#
#.#(#...#...
#.#w#...#.####...


You could see a gnoll.

Vanquished Creatures
  3 gnolls
  A worm (D:2)
  4 ball pythons
  5 bats
  3 endoplasms (D:1)
  4 giant cockroaches (D:1)
  2 hobgoblins (D:1)
  4 frilled lizards (D:1)
  3 goblins
  3 kobolds (D:1)
  2 rats (D:2)
34 creatures vanquished.

Notes
Turn   | Place    | Note
-------+----------+-------------------------------------------
     0 | D:1      | styxcanada the Spriggan Brigand began the quest for the
                  | Orb.
     0 | D:1      | Reached XP level 1. HP: 10/10 MP: 2/2
    42 | D:1      | Reached skill level 6 in Stealth
   136 | D:1      | Reached XP level 2. HP: 15/15 MP: 3/3
   539 | D:1      | Reached skill level 7 in Stealth
   550 | D:1      | Reached XP level 3. HP: 3/18 MP: 4/4
  1097 | D:1      | Found a faded altar of an unknown god.
  1285 | D:2      | Found an ancient bone altar of Kikubaaqudgha.
  1351 | D:2      | Slain by a gnoll

Illustrated notes

Levels and vault maps discovered:
D:1:      saegor_arrival_under_anarchy, layout_basic, serial_glass,
          glass_columns_a, glass_columns_a,
          shapermc_ecumenical_altar_hornbeckon, minmay_heptomino_d4
D:2:      layout_basic, basic_altar

Skill      XL: |  1  2  3 |
---------------+----------+-----
Stealth        | 6 7 |  7.5
Dodging        | 2 |  2.1
Fighting       | |  1.8
Short Blades   | |  2.5
Throwing       | |  2.1

Action                   || total
-------------------------++-------
Melee: Dagger            ||   100
Throw: Dart              ||    19
       Stone             ||     1
 Stab: Sleeping          ||    14
       Distracted        ||     1
Armor: Robe              ||    14
Dodge: Dodged            ||    73
